 Dungeon Sprint DCSS version 0.30-a0-949-g53dc5368d7 (webtiles) character file.

Game seed: 9355187419898160006

241 dialectric the Unseen (level 6, -2/42 HPs)
             Began as an Octopode Brigand on Mar 27, 2023.
             Killed by nerve-wracking pain
             ... invoked by Menkaure
              (8 damage)
             ... in the Dungeon (Sprint II: "The Violet Keep of Menkaure").
             The game lasted 00:00:30 (63 turns).

dialectric the Unseen (Octopode Brigand)              Turns: 63, Time: 00:00:32

Health: -2/42      AC:  1    Str: 10    XL:     6   Next: 8%
Magic:  6/6        EV: 13    Int: 14    God:
Gold:   243        SH:  0    Dex: 15    Spells: 5/5 levels left

rFire   . . .      SeeInvis .    a - +2 dagger
rCold   . . .      Faith    .    (no shield)
rNeg    . . .      Spirit   .    (helmet restricted)
rPois   .          Reflect  .    (no amulet)
rElec   .          Rampage  .    (no ring)
rCorr   .          NoTele   +    (no ring)
Will    .....                    (no ring)
Stlth   +++++++                  (no ring)
HPRegen 0.27/turn                (no ring)
MPRegen 0.10/turn                (no ring)
                                 (no ring)
                                 (no ring)

@: on berserk cooldown
A: almost no armour, amphibious, 8 rings, camouflage 1, gelatinous body 1,
(nimble swimmer 1), tentacles
a: no special abilities


You were in the Dungeon.
You visited 1 branch You collected 243 gold pieces.

Inventory:

Hand Weapons
 a - a +2 dagger (weapon)
Missiles
 b - 9 poisoned darts (quivered)
 c - 3 curare-tipped darts
Scrolls
 i - a scroll of blinking
Potions
 d - a potion of curing
 e - a potion of heal wounds
 f - a potion of haste
 g - 2 potions of magic


   Skills:
 + Level 3.3 Fighting
 + Level 3.3 Short Blades
 - Level 3.2 Throwing
 + Level 1.3 Dodging
 * Level 16.1 Stealth


You had 5 spell levels left.
You didn't know any spells.
Your spell library was empty.

Dungeon Overview and Level Annotations

Branches:
Dungeon (1/1)

Altars:

Shops:
D =*

Annotations:
D Menkaure, Roxanne


Innate Abilities, Weirdness & Mutations

You cannot wear most types of armour.
You are amphibious.
You can wear up to eight rings at the same time.
Your skin changes colour to match your surroundings (Stealth+).
Your rubbery body absorbs attacks. (AC +1, EV +1)
((You are camouflaged when in or above water. (Stealth+)))
You have tentacles for arms and can constrict up to eight enemies at once.


Message History

You squeeze the necrophage.
You destroy the necrophage!
Your Stealth skill gained 2 levels and is now at level 16!
You have reached level 6!
Unknown command.
Found 243 gold pieces.
You feel a strong urge to attack something.
You are no longer berserk.
You are exhausted.
You feel yourself slow down.
You now have 243 gold pieces.
You start resting.
You feel yourself speed up.
You open the door.
Marking area around Roxanne as unsafe for travelling.
There is an open door here.
Menkaure, Prince of Dust comes into view.
Found Hete's Jewellery Shoppe and Picuigigg's Assorted Antiques.
Menkaure shouts!
Menkaure completely misses you.
You hit Menkaure but do no damage. You grab Menkaure. You constrict Menkaure.
Menkaure barely misses you.
Unknown command.
You hit Menkaure but do no damage. You squeeze Menkaure.
Menkaure is lightly damaged.
You constrict Menkaure. Menkaure barely misses you.
You hit Menkaure.
Menkaure is moderately damaged.
You constrict Menkaure. You hit Menkaure.
Menkaure is heavily damaged.
You constrict Menkaure. Menkaure hits you!
* * * LOW HITPOINT WARNING * * *
You hit Menkaure.
Menkaure is severely damaged.
You constrict Menkaure.
A water moccasin comes into view.
Menkaure points at you and mumbles some strange words.
Pain shoots through your body!
You die...

+#### .§~§~..##
§~~~~~.##
~§8~~~..#
.~~§.~ # ~~§§
###~~#+++#+++##
##~~~..@......#
.#~~~~M##'##S.#
.#~~~~##...##
.#~~~~#..#..#
.#~~# ##.#.## #
∩#~# ##'## .##
.#~ ##.##.m.#
∩+ +.<.'$#
##.##...#


You could see a water moccasin (wandering) and Menkaure.

Vanquished Creatures
  4 necrophages (D)
4 creatures vanquished.

Notes
Turn   | Place    | Note
-------+----------+-------------------------------------------
     0 | D        | dialectric the Octopode Brigand began the quest for the
                  | Orb.
     0 | D        | Reached XP level 1. HP: 14/14 MP: 1/1
     1 | D        | Noticed a boulder beetle
     1 | D        | Noticed a boulder beetle
     4 | D        | Noticed a merfolk siren
     6 | D        | Noticed a necrophage
     6 | D        | Noticed a necrophage
     6 | D        | Noticed a necrophage
     6 | D        | Noticed a necrophage
    11 | D        | Killed a necrophage
    12 | D        | Reached skill level 11 in Stealth
    12 | D        | Reached XP level 2. HP: 4/20 MP: 2/2
    12 | D        | Reached XP level 3. HP: 5/25 MP: 3/3
    12 | D        | Reached XP level 4. HP: 6/30 MP: 4/4
    12 | D        | Killed a necrophage
    13 | D        | Reached skill level 13 in Stealth
    13 | D        | Reached XP level 5. HP: 7/36 MP: 5/5
    14 | D        | HP: 1/54 [necrophage (6)]
    16 | D        | Reached skill level 14 in Stealth
    19 | D        | Reached skill level 16 in Stealth
    19 | D        | Reached XP level 6. HP: 3/42 MP: 6/6
    55 | D        | Noticed Roxanne
    57 | D        | Noticed Menkaure
    58 | D        | Found Hete's Jewellery Shoppe.
    58 | D        | Found Picuigigg's Assorted Antiques.
    63 | D        | Noticed a water moccasin
    63 | D        | Killed from afar by Menkaure

Illustrated notes

Levels and vault maps discovered:
D:        the_violet_keep_of_menkaure [sprint2_stairs_cluster_1,
          sprint2_shoproom, sprint2_temple, sprint2_basic_supplies,
          sprint2_obstacle_3, sprint2_obstacle_1, sprint2_obstacle_6,
          sprint2_obstacle_5, sprint2_obstacle_4, sprint2_timed_cluster_1,
          sprint2_smallroom_cluster_1, sprint2_smallroom_final_cluster_1,
          sprint2_transparent_cluster_1, sprint2_second_timed_cluster_1,
          sprint2_sniper_area_1, sprint2_heavy_combat_area_1,
          sprint2_mutation_trap_area_1, sprint2_forest_area_1,
          sprint2_light_combat_area_1, sprint2_behind_water_1,
          sprint2_near_end_vault_1]

Skill      XL: |  1  2  3  4  5 |
---------------+----------------+-----
Stealth        | 11 13 16 | 16.1
Fighting       | 3 |  3.3
Short Blades   | 3 |  3.3
Throwing       | 3 |  3.2
Dodging        | |  1.3

Action                     |  1- 3 |  4- 6 || total
---------------------------+-------+-------++-------
  Melee: Dagger            |     3 |    12 ||    15
         Tentacles         |     1 |     5 ||     6
         Constrict         |     1 |     3 ||     4
         Punch             |       |     1 ||     1
    Use: Potion            |     1 |       ||     1
  Dodge: Dodged            |     2 |     6 ||     8

Table legend: (Time is in decaauts)
 A = Elapsed time spent in this place.
 B = Non-inter-level travel time spent in this place.
 C = Inter-level travel time spent in this place.
 D = Time resting spent in this place.
 E = Time spent auto-exploring this place.
 F = Levels seen in this place.
 G = Mean time per level.
                   A        B        C        D        E       F      G
               +--------+--------+--------+--------+--------+-----+--------+
         Total |     73 |     73 |      0 |     46 |      0 |   1 |   73.0 |
       Dungeon |     73 |     73 |      0 |     46 |      0 |   1 |   73.0 |
               +--------+--------+--------+--------+--------+-----+--------+

Top non-repeatable levels by time:
       D: 73 daAuts
